 Dungeon Crawl Stone Soup version 0.27-a0-1358-ga0a28fc8c3 (webtiles) character file.

Game seed: 138724097900329726

139 Delamore the Sneak (level 5, -2/54 HPs)
             Began as an Octopode Brigand on June 28, 2021.
             Slain by an orc wizard (5 damage)
             ... on level 3 of the Dungeon.
             The game lasted 00:02:58 (2546 turns).

Delamore the Sneak (Octopode Brigand)               Turns: 2546, Time: 00:02:59

Health: -2/54      AC: 22    Str: 11    XL:     5   Next: 22%
Magic:  5/5        EV:  2    Int: 13    God:
Gold:   114        SH:  0    Dex: 14    Spells: 4/4 levels left

rFire    . . .     SeeInvis .   a - +3 dagger
rCold    . . .     Faith    .   (no shield)
rNeg     + + +     Spirit   .   (helmet currently unavailable)
rPois    +         Reflect  .   (no amulet)
rElec    .         Harm     .   (no ring)
rCorr    .         Rampage  .   (no ring)
Will     .....     NoTele   +   (no ring)
Stlth    +++.......             (no ring)
HPRegen  0.18/turn              (no ring)
MPRegen  0.09/turn              (no ring)
                                (no ring)
                                (no ring)

@: tree-form (expiring)
A: stationary, stasis, torment immunity, boosted hp, almost no armour,
(amphibious), 8 rings, (camouflage 1), (gelatinous body 1), (nimble swimmer 1),
(tentacles)
a: no special abilities


You were on level 3 of the Dungeon.
You were a tree.
You visited 1 branch of the dungeon, and saw 3 of its levels.

You collected 114 gold pieces.

Inventory:

Hand Weapons
 a - a +3 dagger (weapon)
Missiles
 b - 7 poisoned darts (quivered)
 c - 2 curare-tipped darts
Scrolls
 e - a scroll of fog
Potions
 d - a potion of attraction


   Skills:
 + Level 3.4 Fighting
 + Level 3.3 Short Blades
 - Level 2.0 Throwing
 - Level 1.0 Dodging
 + Level 6.6 Stealth


You had 4 spell levels left.
You didn't know any spells.
Your spell library contained the following spells:

 Spells                   Type           Power      Damage    Failure   Level
 Animate Skeleton         Necr           0%         N/A       30%         1
 Apportation              Tloc           0%         N/A       30%         1
 Corona                   Hex            0%         N/A       30%         1
 Pain                     Necr           0%         1d4       30%         1
 Sandblast                Erth           0%         2d4       30%         1
 Shock                    Conj/Air       0%         1d3       30%         1
 Summon Small Mammal      Summ           0%         N/A       30%         1


Dungeon Overview and Level Annotations

Branches:
Dungeon (3/15)

Altars:


Innate Abilities, Weirdness & Mutations

You are a tree.
Your roots penetrate the ground, keeping you stationary.
You cannot be teleported.
You are immune to unholy pain and torment.
Your maximum health is greatly increased.
Your equipment is partially melded.
You cannot wear most types of armour.
((You are amphibious.))
You can wear up to eight rings at the same time.
((Your skin changes colour to match your surroundings (Stealth+).))
((Your rubbery body absorbs attacks. (AC +1, EV +1)))
((You are camouflaged near water. (Stealth+)))
((You have tentacles for arms and can constrict up to eight enemies at once.))


Message History

There's something in the way.
You nearly hit yourself!
The orc wizard hits you but does no damage.
You barely miss the orc wizard.
The orc wizard is heavily wounded.
You feel less confused.
The orc wizard hits you but does no damage.
You hit the orc wizard but do no damage.
The orc wizard is heavily wounded.
The orc wizard gestures wildly while chanting.
The orc wizard flickers and vanishes!
Deactivating autopickup; reactivate with Ctrl-A.
You closely miss something. You hit something.
Something hits you but does no damage.
You hit something.
You hear some strange, mumbled words.
Something tries to affect you, but you resist.
You miss something. Something hits you but does no damage.
You miss something.
You hear some strange, mumbled words.
Something tries to affect you, but you resist.
You miss something. Something hits you.
* * * LOW HITPOINT WARNING * * *
You closely miss something. You barely miss something. Something hits you.
* * * LOW HITPOINT WARNING * * *
You miss something.
You hear some strange, mumbled words.
A magic dart appears from out of thin air!
The magic dart hits you but does no damage.
Okay, then.
You hit something. Something hits you but does no damage.
You barely miss something.
Your transformation is almost over.
Something hits you but does no damage.
You hit something. Something hits you but does no damage.
You miss something. Something hits you but does no damage.
You hit something. You miss something. Something hits you.
You die...

.# #..... ..#
#..... ...#
#..... #...#
#..... #.._..
#..... ##...∩..
#.....##...#
#.....#♣..#
#.){.#######
###.........
########..######
..........).....
########..######
..........#
########..#
#<######..#


There were no monsters in sight!

Vanquished Creatures
  An orc wizard (D:3)
  Terence (D:2)
  3 adders (D:2)
  A worm (D:2)
  A dart slug (D:2)
  3 orcs (D:3)
  8 ball pythons
  4 bats
  4 endoplasms
  A giant cockroach (D:1)
  4 goblins (D:2)
  7 hobgoblins
  6 jackals
  2 frilled lizards (D:2)
  6 kobolds
  3 rats
55 creatures vanquished.

Notes
Turn   | Place    | Note
-------+----------+-------------------------------------------
     0 | D:1      | Delamore the Octopode Brigand began the quest for the Orb.
     0 | D:1      | Reached XP level 1. HP: 14/14 MP: 1/1
   228 | D:1      | Reached XP level 2. HP: 17/19 MP: 2/2
   968 | D:2      | Reached XP level 3. HP: 24/25 MP: 3/3
  1095 | D:2      | Noticed Terence
  1562 | D:2      | Reached skill level 6 in Stealth
  1653 | D:2      | Got Zigraywa's Theurgy, Part One
  1664 | D:2      | Killed Terence
  1665 | D:2      | Reached XP level 4. HP: 15/31 MP: 4/4
  2478 | D:3      | Found a faded altar of an unknown god.
  2491 | D:3      | Reached XP level 5. HP: 36/36 MP: 5/5
  2516 | D:3      | HP: 2/54 [something (1)]
  2521 | D:3      | HP: 2/54 [orc wizard (1)]
  2539 | D:3      | HP: 2/54 [something (1)]
  2546 | D:3      | Slain by an orc wizard

Illustrated notes

Levels and vault maps discovered:
D:1:      noname_arrival_rooms_in_the_neighbourhood, layout_basic,
          minmay_pentomino_r4
D:2:      layout_loops_cross, uniq_terence
D:3:      minmay_bubble_buster, layout_basic, gup_sewer_entry_bubbles,
          serial_shops, nicolae_shop_crystal,
          hellmonk_ecumenical_altar_crossroads

Skill      XL: |  1  2  3  4 |
---------------+-------------+-----
Stealth        | 6 |  6.6
Fighting       | 3 |  3.4
Short Blades   | 3 |  3.3
Throwing       | |  2.0
Dodging        | |  1.0

Action                   |  1- 3 |  4- 6 || total
-------------------------+-------+-------++-------
Melee: Dagger            |    58 |    69 ||   127
       Constrict         |    12 |    12 ||    24
       Tentacles         |     6 |    10 ||    16
Throw: Dart              |     2 |     8 ||    10
  Use: Scroll            |       |     4 ||     4
       Potion            |       |     2 ||     2
 Stab: Sleeping          |    16 |     6 ||    22
       Distracted        |     1 |     2 ||     3
Armor: Skin              |     3 |    20 ||    23
Dodge: Dodged            |    40 |    19 ||    59

Table legend: (Time is in decaauts)
 A = Elapsed time spent in this place.
 B = Non-inter-level travel time spent in this place.
 C = Inter-level travel time spent in this place.
 D = Time resting spent in this place.
 E = Time spent auto-exploring this place.
 F = Levels seen in this place.
 G = Mean time per level.
                   A        B        C        D        E       F      G
               +--------+--------+--------+--------+--------+-----+--------+
         Total |   2524 |   2459 |     65 |    397 |   1723 |   3 |  841.3 |
       Dungeon |   2524 |   2459 |     65 |    397 |   1723 |   3 |  841.3 |
               +--------+--------+--------+--------+--------+-----+--------+

Top non-repeatable levels by time:
     D:2: 1291 daAuts
     D:1: 1157 daAuts
     D:3: 76 daAuts
